 Dungeon Crawl Stone Soup version 0.25-a0-413-g3b4b6a4ccc (webtiles) character file.

Game seed: 2488691029730400792, levelgen mode: deterministic

4472 ReteAZ the Cruncher (level 10, -2/60 HPs)
             Began as a Gargoyle Gladiator on Jan 15, 2020.
             Was a High Priest of Okawaru.
             Slain by a large slime creature (21 damage)
             ... on level 9 of the Dungeon.
             The game lasted 00:14:42 (8040 turns).

ReteAZ the Cruncher (Gargoyle Gladiator)            Turns: 8040, Time: 00:14:43

Health: -2/60      AC: 20    Str: 20    XL:     10   Next: 38%
Magic:  12/14      EV: 21    Int: 10    God:    Okawaru [*****.]
Gold:   134        SH:  5    Dex: 16    Spells: 9/9 levels left

rFire    + . .     SeeInvis .   J - +0 mace (crush)
rCold    . . .     Gourm    .   m - +0 buckler
rNeg     + + .     Faith    .   u - +3 ring mail
rPois    ∞         Spirit   .   c - +0 helmet
rElec    +         Reflect  .   (no cloak)
rCorr    .         Harm     .   (no gloves)
MR       .....                  x - +0 pair of boots "Hutweh" {*Drain +Blink rN+}
Stlth    +++.......             (no amulet)
HPRegen  0.20/turn              K - ring of protection from fire
MPRegen  0.14/turn              L - ring of flight

@: agile, heroism
A: negative energy resistance 1, electricity resistance, unbreathing,
petrification resistance, rot immunity, AC +7
a: Heroism, Finesse, Renounce Religion, Evoke Blink, Evoke Flight


You were on level 9 of the Dungeon.
You worshipped Okawaru.
Okawaru was extremely pleased with you.
You were not hungry.

You visited 1 branch of the dungeon, and saw 9 of its levels.

You collected 421 gold pieces.
You spent 287 gold pieces at shops.

Inventory:

Hand Weapons
 a - a +0 quarterstaff
 y - a +5 war axe of chopping
 J - a +0 mace of crushing (weapon)
Missiles
 b - 4 poisoned darts (quivered)
 i - 3 javelins
Armour
 c - a +0 helmet (worn)
 m - a +0 buckler (worn)
 u - a +3 ring mail (worn)
 x - the +0 pair of boots "Hutweh" (worn) {*Drain +Blink rN+}
   (You found it on level 4 of the Dungeon)

   It protects you from negative energy.
   It lets you blink.
   It causes draining when unequipped.
 z - a +0 ring mail of fire resistance
 O - +0 steam dragon scales
Jewellery
 q - an uncursed ring of fire
 K - a ring of protection from fire (left hand)
 L - a ring of flight (right hand)
Wands
 j - a wand of random effects (21)
 v - a wand of enslavement (10)
 C - a wand of flame (19)
 M - a wand of clouds (3)
Scrolls
 g - 11 scrolls of identify
 k - 3 scrolls of immolation {unknown}
 l - a scroll of random uselessness {unknown}
 n - a scroll of brand weapon {unknown}
 p - 8 scrolls of remove curse {unknown}
 s - 2 scrolls of fog {unknown}
 B - a scroll of summoning {unknown}
 E - 2 scrolls of teleportation {unknown}
 G - a scroll of enchant weapon {unknown}
 N - a scroll of amnesia {unknown}
Potions
 d - a potion of cancellation {unknown}
 e - a potion of resistance
 o - 5 potions of curing
 r - 3 potions of flight
 t - a potion of brilliance {unknown}
 w - a potion of ambrosia {unknown}
 A - a potion of might {unknown}
 D - a potion of lignification {unknown}
 F - 2 potions of heal wounds
 H - 2 potions of mutation {unknown}
Comestibles
 f - 17 rations


   Skills:
 + Level 5.9(10.9) Fighting
 * Level 11.1(16.1) Staves
 - Level 1.7(6.7) Throwing
 + Level 5.5(10.5) Armour
 - Level 2.4(7.4) Dodging
 + Level 5.3 Invocations
 + Level 4.4 Evocations


You had 9 spell levels left.
You didn't know any spells.
Your spell library was empty.

Dungeon Overview and Level Annotations

Branches:
Dungeon (9/15)             Temple (0/1) D:4            Lair (0/6) D:9
    Orc: D:9-12

Altars:
Elyvilon
Fedhas
Okawaru
Qazlal
Trog
The Shining One

Shops:
D:5 !   D:6 !   D:9 !


Innate Abilities, Weirdness & Mutations

You are resistant to torment.
Your stone body is resilient. (AC +7)
You are immune to poison.
You resist negative energy. (rN+)
You are resistant to electric shocks. (rElec)
You can survive without breathing.
You are immune to petrification.
You are immune to rotting.


Message History

You sock the yak!
The yak is heavily wounded.
Two slime creatures merge to form a very large slime creature.
You block the yak's attack.
You hit the yak.
The yak is severely wounded.
Two slime creatures merge to form a large slime creature.
You hit the yak.
The yak is severely wounded.
You block the yak's attack.
Your ring mail prevents you from hitting the yak.
The yak is severely wounded.
The yak gores you but does no damage.
You sock the yak!
You kill the yak!
Okawaru accepts your kill.
Two slime creatures merge to form an enormous slime creature.
You barely miss the large slime creature.
The large slime creature hits you!!
You die...

#........#####.#.....
##...##...#...)......
###..#.#............ .
##.#.#......<.....
....####................
........................
....#####...............
. #####...............
#..@JY..............
#.###J...[.......... #
#.###........... ###Y#
#...###.##.. #Y.%#
###...#..##. #.#J#
###.#...## #J#.#
#.#..#.. # ..# #.#....#
..## #....[##


You could see an enormous slime creature, a large slime creature and a yak.

Vanquished Creatures
  A spriggan (D:7)
  8 yaks (D:9)
  A steam dragon (D:7)
  2 insubstantial wisps (D:7)
  3 orc warriors
  An eye of draining (D:9)
  3 sky beasts
  5 ogres
  4 centaurs
  A big kobold (D:7)
  2 bullfrogs
  A howler monkey (D:5)
  2 crimson imps
  2 centaur zombies
  4 hounds
  3 bullfrog skeletons
  3 orc priests
  2 centaur skeletons
  A gnoll shaman (D:4)
  4 jellies
  2 orc wizards
  An iguana (D:6)
  6 worker ants
  11 gnolls
  7 adders
  3 shadow imps
  2 oozes
  2 adder skeletons
  3 dart slugs (D:1)
  7 leopard geckos
  38 orcs
  4 bats
  A giant cockroach (D:2)
  9 goblins
  4 hobgoblins
  10 jackals
  13 kobolds
  A quokka (D:7)
  A ball python (D:1)
  6 frilled lizards
  A leopard gecko zombie (D:8)
  2 quokka skeletons
  7 rats
194 creatures vanquished.

Vanquished Creatures (collateral kills)
  An adder skeleton (D:8)
  A kobold (D:8)
2 creatures vanquished.

Vanquished Creatures (others)
  A sky beast (D:7)
  2 fungi (D:9)
3 creatures vanquished.

Grand Total: 199 creatures vanquished

Notes
Turn   | Place    | Note
-------+----------+-------------------------------------------
     0 | D:1      | ReteAZ the Gargoyle Gladiator began the quest for the Orb.
     0 | D:1      | Reached XP level 1. HP: 12/12 MP: 1/1
   251 | D:1      | Reached XP level 2. HP: 17/17 MP: 2/2
   503 | D:1      | Reached skill level 4 in Staves
   657 | D:1      | Reached XP level 3. HP: 21/21 MP: 3/3
  1059 | D:2      | Reached XP level 4. HP: 26/26 MP: 4/4
  1325 | D:2      | Reached skill level 5 in Staves
  1629 | D:3      | Found an iron altar of Okawaru.
  1630 | D:3      | Found a bloodstained altar of Trog.
  1631 | D:3      | Found a white marble altar of Elyvilon.
  1631 | D:3      | Found a glowing golden altar of the Shining One.
  1641 | D:3      | Became a worshipper of Warmaster Okawaru
  2047 | D:3      | Reached XP level 5. HP: 30/30 MP: 5/5
  2351 | D:4      | Reached skill level 6 in Staves
  2519 | D:4      | Found a staircase to the Ecumenical Temple.
  2582 | D:4      | Got a pair of polished boots
  2596 | D:4      | Identified the +0 pair of boots "Hutweh" {*Drain +Blink
                  | rN+} (You found it on level 4 of the Dungeon)
  2615 | D:4      | Reached XP level 6. HP: 25/35 MP: 6/6
  2775 | D:4      | Reached * piety under Okawaru
  2785 | D:4      | Reached skill level 7 in Staves
  3247 | D:5      | Entered Level 5 of the Dungeon
  3331 | D:5      | Reached XP level 7. HP: 35/40 MP: 7/7
  3403 | D:5      | Reached skill level 8 in Staves
  3425 | D:5      | Reached ** piety under Okawaru
  3436 | D:5      | Found Ehoemih's Distillery.
  3439 | D:5      | Bought a potion of heal wounds for 70 gold pieces
  3702 | D:6      | Reached skill level 1 in Armour
  3706 | D:6      | Reached skill level 1 in Invocations
  3833 | D:6      | Reached skill level 1 in Evocations
  3833 | D:6      | Reached XP level 8. HP: 38/45 MP: 8/8
  3896 | D:6      | Found a blossoming altar of Fedhas.
  4031 | D:6      | Found Norhim's Distillery.
  4035 | D:6      | Bought a potion of curing for 36 gold pieces
  4035 | D:6      | Bought a potion of berserk rage for 60 gold pieces
  4054 | D:6      | Reached skill level 9 in Staves
  4435 | D:6      | Reached *** piety under Okawaru
  5429 | D:7      | Reached XP level 9. HP: 38/52 MP: 11/11
  6026 | D:7      | Reached skill level 10 in Staves
  6350 | D:8      | Reached **** piety under Okawaru
  6576 | D:8      | Noticed a two-headed ogre
  7047 | D:9      | Reached skill level 5 in Fighting
  7251 | D:9      | Found a staircase to the Lair.
  7259 | D:9      | Found Want's Distillery.
  7396 | D:9      | Bought a potion of heal wounds for 55 gold pieces
  7396 | D:9      | Bought a potion of curing for 33 gold pieces
  7396 | D:9      | Bought a potion of curing for 33 gold pieces
  7426 | D:9      | Reached XP level 10. HP: 56/59 MP: 13/13
  7429 | D:9      | Reached skill level 5 in Armour
  7433 | D:9      | Reached ***** piety under Okawaru
  7711 | D:9      | Reached skill level 5 in Invocations
  7845 | D:9      | Found a stormy altar of Qazlal.
  7996 | D:9      | Reached skill level 11 in Staves
  8040 | D:9      | Slain by a large slime creature

Levels and vault maps discovered:
D:1:      evilmike_arrival_grusome_pit, layout_basic
D:2:      layout_basic
D:3:      layout_rooms, chequers_temple_overflow_statue_of_worship,
          first_ration, serial_bayou_ford_a, grunt_decor_arrowhead
D:4:      wander_river, layout_loops_ring, temple_green
D:5:      layout_rooms, serial_shops, nicolae_shop_behind_doors
D:6:      layout_basic, serial_shops, shop_statue, fedhas_ov_isle_minmay
D:7:      layout_loops_corners, the_bakery, hangedman_misty_isle
D:8:      layout_loops_ring, serial_shops, shop
D:9:      layout_rooms, grunt_temple_overflow_lords_of_destruction,
          marbit_many_paths, dpeg_oklobed_lair, serial_shops, shop

Skill      XL: |  1  2  3  4  5  6  7  8  9 10 |
---------------+-------------------------------+-----
Staves         | 4 5 6 7 8 9 10 11 | 11.1
Armour         | 1 3 4 5 |  5.5
Invocations    | 1 3 4 5 |  5.3
Evocations     | 1 2 3 4 |  4.4
Fighting       | 4 5 |  5.9
Throwing       | |  1.7
Dodging        | |  2.4

Action                   |  1- 3 |  4- 6 |  7- 9 | 10-12 || total
-------------------------+-------+-------+-------+-------++-------
Melee: Quarterstaff      |    61 |   189 |    53 |       ||   303
       War axe           |       |    56 |   108 |       ||   164
       Mace              |       |       |   336 |   102 ||   438
Throw: Throwing net      |       |     1 |     3 |       ||     4
       Dart              |       |       |     6 |       ||     6
       Javelin           |       |       |     2 |       ||     2
Invok: Heroism           |       |       |       |     1 ||     1
       Finesse           |       |       |       |     1 ||     1
Evoke: Wand              |       |       |     3 |       ||     3
  Use: Potion            |     3 |       |     1 |     1 ||     5
       Scroll            |       |       |     2 |       ||     2
 Stab: Held in net/web   |       |       |     2 |       ||     2
  Eat: Chunk             |       |     8 |    14 |     2 ||    24
Armor: Leather armour    |    26 |     7 |       |       ||    33
       Chain mail        |       |    97 |       |       ||    97
       Ring mail         |       |    76 |   237 |    20 ||   333
Dodge: Dodged            |    30 |   152 |   242 |    42 ||   466
Block: Buckler           |       |       |    41 |    10 ||    51

Table legend:
 A = Non-vault XP
 B = Vault XP
 C = Vault XP percentage of total XP
 D = Non-vault monster count
 E = Vault monster count
 F = Vault count percentage of total count
                 A         B        C        D         E       F
            +---------+---------+-------+---------+---------+-------
      Total |    5408 |     981 |  15.4 |     190 |       6 |   3.1
            +---------+---------+-------+---------+---------+-------
        D:1 |      36 |       0 |   0.0 |      17 |       0 |   0.0
        D:2 |      74 |       0 |   0.0 |      16 |       0 |   0.0
        D:3 |      92 |       0 |   0.0 |      28 |       0 |   0.0
        D:4 |     285 |       0 |   0.0 |      25 |       0 |   0.0
        D:5 |     633 |       0 |   0.0 |      19 |       0 |   0.0
        D:6 |     767 |       0 |   0.0 |      16 |       0 |   0.0
        D:7 |     216 |     981 |  82.0 |      13 |       6 |  31.6
        D:8 |     497 |       0 |   0.0 |      21 |       0 |   0.0
        D:9 |    2808 |       0 |   0.0 |      35 |       0 |   0.0
            +---------+---------+-------+---------+---------+-------
